 Dungeon Crawl Stone Soup version 0.20-a0-1017-gc3250ce (webtiles) character file.

477 dvd the Chiller (level 6, -7/46 HPs)
             Began as a Draconian Ice Elementalist on Apr 16, 2017.
             Killed from afar by feelmyfire's ghost (16 damage)
             ... with a spray of energy
             ... on level 4 of the Dungeon.
             The game lasted 00:09:36 (3667 turns).

dvd the Chiller (Draconian Ice Elementalist)        Turns: 3667, Time: 00:09:36

Health: -7/46      AC: 13    Str: 10    XL:     6   Next: 85%
Magic:  7/21       EV: 12    Int: 17    God:
Gold:   142        SH:  0    Dex: 12    Spells: 4/14 levels left

rFire    . . .     SeeInvis .   y - +2 whip (flame)
rCold    . . .     Gourm    .   (no shield)
rNeg     . . .     Faith    .   (armour unavailable)
rPois    .         Spirit   .   (helmet restricted)
rElec    .         Reflect  .   m - +0 cloak
rCorr    .         Harm     .   (no gloves)
MR       .....                  (no boots)
Stlth    ++........             (no amulet)
Regen    0.2/turn               A - ring of magical power
MPRegen  0.2/turn               n - ring of wizardry

@: icy armour, slow
A: unfitting armour, cold-blooded, AC +6
a: no special abilities


You were on level 4 of the Dungeon.
You were hungry.

You visited 1 branch of the dungeon, and saw 4 of its levels.

You collected 142 gold pieces.

Inventory:

Hand Weapons
 e - a +0 short sword
 f - a +3 short sword
 r - a +2 dagger of electrocution
 x - a +0 morningstar
 y - a +2 whip of flaming (weapon)
 C - a +0 morningstar of protection
Armour
 m - a +0 cloak (worn)
Jewellery
 d - an uncursed ring of flight
 n - a ring of wizardry (right hand)
 v - an uncursed ring of protection from fire
 A - a ring of magical power (left hand)
Wands
 o - a wand of flame (28/48)
 u - a wand of digging (17/24)
 z - a wand of flame (15/48)
Scrolls
 g - 2 scrolls of remove curse {unknown}
 i - a scroll of magic mapping {unknown}
 j - a scroll of immolation {unknown}
 q - a scroll of amnesia {unknown}
 t - a scroll of teleportation {unknown}
 D - 2 scrolls of identify {unknown}
 E - a scroll of noise {unknown}
 F - a scroll of enchant armour {unknown}
Potions
 c - a potion of mutation {unknown}
 h - a potion of degeneration {unknown}
 k - 2 potions of heal wounds {unknown}
 l - 2 potions of berserk rage {unknown}
 p - a potion of invisibility {unknown}
 w - a potion of cancellation {unknown}
 G - a potion of ambrosia {unknown}
Books
 a - a book of Frost

   Spells                             Type                      Level
   a - Freeze                         Ice                          1
   b - Throw Frost                    Conjuration/Ice              2
   c - Ozocubu's Armour               Charms/Ice                   3
   d - Throw Icicle                   Conjuration/Ice              4
   e - Summon Ice Beast               Ice/Summoning                4
Comestibles
 b - 2 bread rations
 s - a royal jelly
 B - 3 chunks of flesh


   Skills:
 + Level 0.7 Fighting
 + Level 1.1 Short Blades
 + Level 0.6 Maces & Flails
 + Level 2.2 Dodging
 + Level 2.5 Stealth
 + Level 4.5 Spellcasting
 + Level 1.6 Conjurations
 + Level 0.5 Charms
 + Level 5.1 Ice Magic


You had 4 spell levels left.
You knew the following spells:

 Your Spells              Type           Power        Failure   Level  Hunger
a - Freeze                Ice            ###.         1%          1    None
b - Throw Frost           Conj/Ice       ###...       4%          2    ##.....
c - Ozocubu's Armour      Chrm/Ice       ##......     7%          3    ###....
d - Throw Icicle          Conj/Ice       ###.....     21%         4    ####...


Dungeon Overview and Level Annotations

Branches:
Dungeon (4/15)
 Temple: D:4-7

Altars:
Hepliaklqana
Nemelex Xobeh
Yredelemnul

Annotations:
D:4 feelmyfire's ghost, amateur DECj


Innate Abilities, Weirdness & Mutations

Your plain brown scales are hard. (AC +6)
You cannot fit into any form of body armour.
You are cold-blooded and may be slowed by cold attacks.


Message History

Confirm with . or Enter, or press ? or * to list all spells.
Aiming: Throw Icicle
Press: ? - help, Shift-Dir - straight line, f/p - feelmyfire's ghost
Aim: feelmyfire's ghost, wielding a weapon of electrocution (heavily damaged)
The shard of ice misses feelmyfire's ghost.
Feelmyfire's ghost hits you.
Unknown command.
You closely miss feelmyfire's ghost.
Feelmyfire's ghost is heavily damaged.
Feelmyfire's ghost gestures at you while chanting.
The lance of force hits you!
Ouch! That really hurt!
You are knocked back by the lance of force.
Unknown command.
Feelmyfire's ghost casts a spell at you.
The magic dart hits you!
* * * LOW HITPOINT WARNING * * *
Feelmyfire's ghost points at you and mumbles some strange words.
The spray of energy hits you!
You die...

..........###........#
#... ........#
#........# #... ......#
####.....# #... #...#
##.###.# #... #.W.#
#..###.######## #))##
#.##...##...##
#()#######.#..........##
#.W##...#..............#
##.....@..#............#
##.......#.............
#.......##..........##
#.......###...##...##
#......## ##########
#.......# #.......#
#.......# ##.....##


You could see feelmyfire's ghost.

Vanquished Creatures
  A crimson imp (D:4)
  An orc priest (D:4)
  A hound (D:4)
  2 orc wizards (D:4)
  Jessica (D:3)
  Ijyb (D:3)
  Natasha (thrice) (D:2)
  2 worker ants (D:4)
  Robin (D:3)
  7 adders
  3 dart slugs
  2 leopard geckos
  5 orcs (D:4)
  10 bats
  3 giant cockroaches
  11 goblins
  4 hobgoblins
  12 jackals
  3 frilled lizards
  A jackal skeleton (D:4)
  6 kobolds
  A leopard gecko skeleton (D:4)
  A quokka skeleton (D:4)
  5 rats
87 creatures vanquished.

Notes
Turn   | Place    | Note
-------+----------+-------------------------------------------
     0 | D:1      | dvd the Draconian Ice Elementalist began the quest for the Orb.
     0 | D:1      | Reached XP level 1. HP: 14/14 MP: 3/3
   250 | D:1      | Reached XP level 2. HP: 15/20 MP: 0/5
   444 | D:1      | Learned a level 2 spell: Throw Frost
   974 | D:2      | Noticed Natasha
   980 | D:2      | Killed Natasha
   980 | D:2      | Reached XP level 3. HP: 14/26 MP: 1/6
  1069 | D:2      | Noticed Natasha
  1075 | D:2      | Killed Natasha
  1075 | D:2      | Reached skill level 4 in Ice Magic
  1075 | D:2      | Reached XP level 4. HP: 14/33 MP: 3/8
  1080 | D:2      | Learned a level 3 spell: Ozocubu's Armour
  1139 | D:2      | Noticed Natasha
  1145 | D:2      | Killed Natasha
  1332 | D:2      | Reached skill level 1 in Short Blades
  1493 | D:2      | Reached XP level 5. HP: 38/38 MP: 7/9
  2171 | D:3      | Noticed Ijyb
  2177 | D:3      | Killed Ijyb
  2355 | D:3      | Noticed Jessica
  2360 | D:3      | Killed Jessica
  2524 | D:3      | Found a basalt altar of Yredelemnul.
  2528 | D:3      | Found a sparkling altar of Nemelex Xobeh.
  2531 | D:3      | Found a hazy altar of Hepliaklqana.
  2695 | D:3      | Noticed Robin
  2713 | D:3      | Killed Robin
  3058 | D:4      | Reached XP level 6. HP: 46/46 MP: 8/11
  3121 | D:4      | Noticed feelmyfire's ghost (amateur DECj)
  3373 | D:4      | Learned a level 4 spell: Throw Icicle
  3414 | D:4      | Reached skill level 5 in Ice Magic
  3667 | D:4      | Killed from afar by feelmyfire's ghost

Vault maps used:
D:1:      lemuel_arrival_broad_hall, due_unseen_surprise
D:2:      uniq_natasha
D:3:      grunt_temple_overflow_diamond, uniq_iyjb, uniq_jessica, uniq_robin
D:4:      grunt_temple_overflow_open, first_bread, tso_altar

Skill      XL: |  1  2  3  4  5  6 |
---------------+-------------------+-----
Stealth        | 2 |  2.5
Ice Magic      | 4 5 |  5.1
Dodging        | 2 |  2.2
Spellcasting   | 3 4 |  4.5
Short Blades   | 1 |  1.1
Fighting       | |  0.7
Maces & Flails | |  0.6
Conjurations   | |  1.6
Charms         | |  0.5

Action                   |  1- 3 |  4- 6 || total
-------------------------+-------+-------++-------
Melee: Short sword       |     9 |    26 ||    35
       Tailslap          |     1 |     5 ||     6
       Whip              |       |    41 ||    41
 Cast: Freeze            |    25 |    74 ||    99
       Throw Frost       |     8 |    32 ||    40
       Ozocubu's Armour  |       |    15 ||    15
       Throw Icicle      |       |     5 ||     5
 Stab: Sleeping          |     1 |     2 ||     3
  Eat: Chunk             |     1 |    11 ||    12
Armor: Skin              |    12 |    63 ||    75
Dodge: Dodged            |    17 |    80 ||    97
